 Dungeon Crawl Stone Soup version 0.22-a0-389-g8519d86 (webtiles) character file.

540 aspa the Magician (level 7, 0/41 HPs)
             Began as an Octopode Wizard on Apr 30, 2018.
             Was a Follower of Sif Muna.
             Slain by Terence
             ... wielding a +0 hand axe
              (7 damage)
             ... on level 3 of the Dungeon.
             The game lasted 00:11:44 (2254 turns).

aspa the Magician (Octopode Wizard)                 Turns: 2254, Time: 00:11:45

Health: 0/41       AC:  1    Str:  6    XL:     7   Next: 26%
Magic:  20/25      EV: 13    Int: 23    God:    Sif Muna [*.....]
Gold:   126        SH:  0    Dex: 10    Spells: 7/18 levels left

rFire    . . .     SeeInvis .   b - +0 dagger (speed)
rCold    . . .     Gourm    .   (no shield)
rNeg     . . .     Faith    .   h - +0 hat
rPois    .         Spirit   .   (no amulet)
rElec    .         Reflect  .   g - ring of magical power
rCorr    .         Harm     .   (no ring)
MR       .....                  (no ring)
Stlth    +++.......             (no ring)
HPRegen  0.13/turn              (no ring)
MPRegen  0.19/turn              (no ring)
                                (no ring)
                                (no ring)

@: no status effects
A: almost no armour, stealthy swim, amphibious, 8 rings, constrict 8, camouflage
1, gelatinous body 1
a: Divine Energy, Renounce Religion


You were on level 3 of the Dungeon.
You worshipped Sif Muna.
Sif Muna was aware of your devotion.
You were hungry.

You visited 1 branch of the dungeon, and saw 4 of its levels.

You collected 126 gold pieces.

Inventory:

Hand Weapons
 a - a +0 halberd
 b - a +0 dagger of speed (weapon)
 k - a +0 mace
 m - a cursed +0 trident
Armour
 h - a +0 hat (worn)
Jewellery
 g - a ring of magical power (left tentacle)
Wands
 i - a wand of iceblast (1)
 l - a wand of enslavement (17)
Scrolls
 d - a scroll of identify
 e - 2 scrolls of blinking
Potions
 f - a potion of cancellation {unknown}
Comestibles
 c - 4 rations
 j - 6 chunks of flesh


   Skills:
 - Level 2.0 Dodging
 - Level 2.6 Stealth
 + Level 6.4 Spellcasting
 - Level 4.1 Conjurations
 - Level 1.0 Summonings
 - Level 1.0 Translocations


You had 7 spell levels left.
You knew the following spells:

 Your Spells              Type           Power        Failure   Level  Hunger
a - Magic Dart            Conj           ####         1%          1    None
b - Call Imp              Summ           ##......     9%          2    None
c - Mephitic Cloud        Conj/Pois/Air  ##......     14%         3    #......
d - Blink                 Tloc           N/A          9%          2    None
f - Conjure Flame         Conj/Fire      ###.....     11%         3    #......


Dungeon Overview and Level Annotations

Branches:
Dungeon (4/15)
 Temple: D:4-7

Altars:
Ashenzari
Gozag
Kikubaaqudgha
Nemelex Xobeh
Sif Muna
Trog
Yredelemnul
The Shining One

Annotations:
D:3 Terence


Innate Abilities, Weirdness & Mutations

You cannot wear most types of armour.
You are very stealthy in the water. (Stealth+)
You are amphibious.
You can wear up to eight rings at the same time.
You can use your tentacles to constrict eight enemies at once.
Your skin changes colour to match your surroundings (Stealth+).
Your rubbery body absorbs attacks. (AC +1, EV +1)


Message History

The stinking cloud engulfs your crimson imp.
Your crimson imp appears unharmed.
Your crimson imp is moderately wounded.
The stinking cloud engulfs Terence.
Terence is lightly wounded.
The orc shouts!
Terence is engulfed in noxious fumes.
Terence appears confused.
Your crimson imp hits Terence but does no damage.
Terence is engulfed in noxious fumes.
Your crimson imp hits Terence but does no damage.
Terence closely misses your crimson imp.
Your crimson imp barely misses Terence.
Your crimson imp blinks!
Terence hits you with a hand axe!
* * * LOW HITPOINT WARNING * * *
You hit Terence. You grab Terence.
Terence is heavily wounded.
You constrict Terence, but do no damage.
Terence hits you with a hand axe!
You die...

##.#...................###.#.
##.#..#############.......o.##
#.###.## #######.##..##### ###
##.# #.....o.##..######
##.###..######.########......#.
#...#.#.....##o# ##.###.#.
####....###.##.# #.# #.#.
#.#.## #.##.# ##_### #.#o #.#.#
#.##@# # †...###.#o
###.#.####.##@# .. .....###.
#.%...##.....5# ...#....._#o
#.............# .#...#....#÷
######.####.....># ...[.o.#..#.
#..# #.# #.#.#### ..).....o.'.
#..###.####.#.# .........('.
#.......).....## .......#..#.
#.).)...)).....# .#...#....##


You could see Terence (confused), an orc and a friendly crimson imp.

Vanquished Creatures
  The ghost of VDreamerV the Ruffian, an amateur NaTm (D:3)
  Grinder (D:3)
  Natasha (twice) (D:2)
  Robin (D:3)
  2 adders
  An ooze (D:3)
  2 dart slugs (D:2)
  3 leopard geckos
  An orc (D:3)
  3 giant cockroaches
  17 goblins
  11 hobgoblins
  4 jackals (D:2)
  A quokka (D:3)
  10 bats
  A frilled lizard (D:1)
  2 kobolds (D:1)
  9 rats
72 creatures vanquished.

Vanquished Creatures (collateral kills)
  A gnoll (D:1)
  An orc (D:3)
  2 kobolds
4 creatures vanquished.

Grand Total: 76 creatures vanquished

Notes
Turn   | Place    | Note
-------+----------+-------------------------------------------
     0 | D:1      | aspa the Octopode Wizard began the quest for the Orb.
     0 | D:1      | Reached XP level 1. HP: 11/11 MP: 4/4
   178 | D:1      | Reached XP level 2. HP: 17/17 MP: 4/6
   182 | D:1      | Learned a level 2 spell: Call Imp
   502 | D:1      | You fall through a shaft!
   508 | D:2      | Reached XP level 3. HP: 14/21 MP: 2/8
   573 | D:2      | Learned a level 3 spell: Mephitic Cloud
   576 | D:2      | Learned a level 2 spell: Blink
   708 | D:2      | Noticed Natasha
   722 | D:2      | Killed Natasha
   722 | D:2      | Reached skill level 4 in Spellcasting
   754 | D:2      | Reached XP level 4. HP: 18/27 MP: 1/10
   831 | D:2      | Learned a level 2 spell: Slow
   858 | D:2      | Found a basalt altar of Yredelemnul.
   863 | D:2      | Found a deep blue altar of Sif Muna.
   863 | D:2      | Found a bloodstained altar of Trog.
   876 | D:2      | Found a glowing golden altar of the Shining One.
   880 | D:2      | Became a worshipper of Sif Muna the Loreminder
   898 | D:2      | Noticed Natasha
   908 | D:2      | Killed Natasha
  1485 | D:3      | Reached XP level 5. HP: 31/31 MP: 11/11
  1526 | D:3      | Noticed VDreamerV's ghost (amateur NaTm)
  1540 | D:4      | Learned a level 3 spell: Conjure Flame
  1651 | D:3      | Killed VDreamerV's ghost
  1651 | D:3      | Reached * piety under Sif Muna
  1651 | D:3      | Reached skill level 5 in Spellcasting
  1651 | D:3      | Reached XP level 6. HP: 19/36 MP: 10/13
  1874 | D:3      | Noticed Robin
  1907 | D:3      | Killed Robin
  1914 | D:3      | Noticed Terence
  2104 | D:3      | Noticed Grinder
  2114 | D:3      | Paralysed by Grinder for 4 turns
  2121 | D:3      | Killed Grinder
  2121 | D:3      | Reached skill level 6 in Spellcasting
  2121 | D:3      | Reached XP level 7. HP: 9/41 MP: 16/16
  2165 | D:3      | Found an ancient bone altar of Kikubaaqudgha.
  2165 | D:3      | Found a sparkling altar of Nemelex Xobeh.
  2165 | D:3      | Found a shattered altar of Ashenzari.
  2165 | D:3      | Found an opulent altar of Gozag.
  2254 | D:3      | Slain by Terence

Vault maps used:
D:1:      lightli_iron_boxes
D:2:      nicolae_overflow_quartered_altars, uniq_natasha
D:3:      minmay_overflow_temple_hex, first_ration, gup_sewer_entry_bubbles,
          uniq_grinder, uniq_robin, uniq_terence
D:4:      elyvilon_altar_5, lemuel_coloured_pillars_altar, glass_columns_b,
          eino_small_chamber_without_monster

Skill      XL: |  1  2  3  4  5  6 |
---------------+-------------------+-----
Spellcasting   | 4 5 6 |  6.4
Conjurations   | 2 4 |  4.1
Dodging        | |  2.0
Stealth        | |  2.6
Summonings     | |  1.0
Translocations | |  1.0

Action                   |  1- 3 |  4- 6 |  7- 9 || total
-------------------------+-------+-------+-------++-------
Melee: Unarmed           |     6 |       |       ||     6
       Constrict         |     3 |    13 |     1 ||    17
       Halberd           |     5 |    35 |       ||    40
       Tentacles         |     1 |     3 |       ||     4
       Dagger            |       |    23 |     2 ||    25
 Cast: Magic Dart        |    47 |    64 |     9 ||   120
       Call Imp          |     2 |     3 |     2 ||     7
       Blink             |     1 |     4 |       ||     5
       Mephitic Cloud    |       |     5 |     1 ||     6
       Conjure Flame     |       |     3 |     2 ||     5
Evoke: Wand              |     1 |     3 |     1 ||     5
  Use: Potion            |     1 |       |       ||     1
       Scroll            |       |     3 |       ||     3
 Stab: Sleeping          |     1 |     2 |       ||     3
       Confused          |       |     2 |       ||     2
  Eat: Chunk             |       |     4 |       ||     4
Armor: Skin              |     3 |     4 |     4 ||    11
Dodge: Dodged            |    11 |    34 |    15 ||    60

Table legend:
 A = Spawn XP
 B = Non-spawn XP
 C = Spawn XP percentage of total XP
 D = Spawn monster count
 E = Non-spawn monster count
 F = Spawn count percentage of total count
 G = Total turns spent on level
                    A         B        C        D         E        F      G
               +---------+---------+-------+---------+---------+-------+---------
         Total |       0 |     772 |   0.0 |       0 |      76 |   0.0 |  2254
               +---------+---------+-------+---------+---------+-------+---------
           D:1 |       0 |      42 |   0.0 |       0 |      22 |   0.0 |   912
           D:2 |       0 |     119 |   0.0 |       0 |      21 |   0.0 |   555
           D:3 |       0 |     598 |   0.0 |       0 |      32 |   0.0 |   722
           D:4 |       0 |      13 |   0.0 |       0 |       1 |   0.0 |    65
               +---------+---------+-------+---------+---------+-------+---------
